 Dungeon Crawl Stone Soup version 0.21.1-1-g345015fe64 (webtiles) character file.

139 Peloso the Slasher (level 5, 0/47 HPs)
             Began as a Minotaur Fighter on June 24, 2018.
             Slain by a gnoll
             ... wielding a +1 whip of electrocution
              (12 damage)
             ... on level 3 of the Dungeon.
             The game lasted 00:04:07 (2029 turns).

Peloso the Slasher (Minotaur Fighter)               Turns: 2029, Time: 00:04:08

Health: 0/47       AC:  7    Str: 20    XL:     5   Next: 1%
Magic:  4/4        EV:  7    Int:  5    God:
Gold:   162        SH:  9    Dex: 11    Spells: 4/4 levels left

rFire    . . .     SeeInvis .   a - +0 long sword
rCold    . . .     Gourm    .   c - +0 shield
rNeg     . . .     Faith    .   b - +0 scale mail
rPois    .         Spirit   .   (helmet restricted)
rElec    .         Reflect  .   (no cloak)
rCorr    .         Harm     .   (no gloves)
MR       .....                  (no boots)
Stlth    ..........             (no amulet)
HPRegen  0.15/turn              (no ring)
MPRegen  0.09/turn              (no ring)

@: no status effects
A: retaliatory headbutt, horns 2
a: no special abilities


You were on level 3 of the Dungeon.
You were not hungry.

You visited 1 branch of the dungeon, and saw 4 of its levels.

You collected 162 gold pieces.

Inventory:

Hand Weapons
 a - a +0 long sword (weapon)
Missiles
 w - 7 bolts
Armour
 b - a +0 scale mail (worn)
 c - a +0 shield (worn)
Jewellery
 u - an uncursed ring of protection from fire {unknown}
 x - a cursed ring of teleportation {unknown}
Scrolls
 e - a scroll of random uselessness {unknown}
 g - a scroll of enchant weapon {unknown}
 h - 2 scrolls of identify {unknown}
 i - a scroll of magic mapping {unknown}
 j - a scroll of fear {unknown}
 k - 2 scrolls of remove curse {unknown}
 m - 2 scrolls of teleportation {unknown}
 n - 2 scrolls of blinking {unknown}
 p - a scroll of noise {unknown}
 r - a scroll of enchant armour {unknown}
Potions
 d - a potion of might
 l - a potion of heal wounds {unknown}
 o - 2 potions of agility {unknown}
 q - 2 potions of curing {unknown}
 s - a potion of magic {unknown}
 t - a potion of brilliance {unknown}
Comestibles
 f - 8 rations
 v - a chunk of flesh


   Skills:
 + Level 4.4 Fighting
 + Level 4.5 Long Blades
 + Level 4.3 Armour
 + Level 0.2 Dodging
 + Level 4.3 Shields


You had 4 spell levels left.
You didn't know any spells.

Dungeon Overview and Level Annotations

Branches:
Dungeon (4/15)
 Temple: D:4-7

Altars:
Gozag
Uskayaw
Xom


Innate Abilities, Weirdness & Mutations

You reflexively headbutt those who attack you in melee.
You have a pair of horns on your head.


Message History

There is a stone staircase leading up here.
The gnoll hits you but does no damage.
The gnoll hits you from afar with a spear!
You block the gnoll's attack.
You climb upwards.
There is a stone staircase leading down here.
You hit the gnoll. Your headbutt misses the gnoll.
The gnoll is moderately wounded.
You block the gnoll's attack.
The gnoll hits you with a whip of electrocution.
You are electrocuted!
You closely miss the gnoll.
You headbutt the gnoll, but do no damage.
The gnoll is moderately wounded.
The gnoll hits you.
* * * LOW HITPOINT WARNING * * *
The gnoll hits you with a whip of electrocution.
* * * LOW HITPOINT WARNING * * *
You are electrocuted!
You die...

########## ######## #........#
.......# #........# .......#
#..g.....# ##### .......#
#g@...)..## #.... .......####
#.........## #.... ..........###
#..........####....
####...##...###........#.........
#≈###..####..######.###..........
.≈⌠.#### ##.## #.###.#####....
..##.## #..## #.##..####.....
≈.≈.≈.# ##..####.#..###.......
###.≈## ##...##...#######..##


You could see 2 gnolls.

Vanquished Creatures
  An orc priest (D:3)
  2 adders (D:2)
  A gnoll (D:1)
  3 dart slugs
  A leopard gecko (D:2)
  2 orcs
  A ball python (D:1)
  8 bats
  5 giant cockroaches
  10 goblins
  7 hobgoblins
  3 jackals (D:1)
  A quokka (D:3)
  4 frilled lizards
  12 kobolds
  11 rats
72 creatures vanquished.

Notes
Turn   | Place    | Note
-------+----------+-------------------------------------------
     0 | D:1      | Peloso the Minotaur Fighter began the quest for the Orb.
     0 | D:1      | Reached XP level 1. HP: 19/19 MP: 0/0
    37 | D:1      | Reached XP level 2. HP: 22/27 MP: 1/1
   216 | D:1      | Reached XP level 3. HP: 33/33 MP: 2/2
   739 | D:2      | Found an opulent altar of Gozag.
   835 | D:2      | Reached XP level 4. HP: 31/40 MP: 3/3
  1529 | D:3      | Found a hide-covered altar of Uskayaw.
  1868 | D:3      | Reached XP level 5. HP: 47/47 MP: 4/4
  1964 | D:3      | Found a shimmering altar of Xom.
  2029 | D:3      | Slain by a gnoll

Skill      XL: |  1  2  3  4 |
---------------+-------------+-----
Fighting       | 4 |  4.4
Shields        | 4 |  4.3
Long Blades    | 3 4 |  4.5
Armour         | 4 |  4.3
Dodging        | |  0.2

Action                   |  1- 3 |  4- 6 || total
-------------------------+-------+-------++-------
Melee: Long sword        |   104 |    51 ||   155
       Headbutt          |    17 |    10 ||    27
  Eat: Chunk             |       |     4 ||     4
Armor: Scale mail        |    52 |    43 ||    95
Dodge: Dodged            |    34 |    11 ||    45
Block: Shield            |    67 |    41 ||   108
       Rpst.: Long sword |    10 |     3 ||    13
